 Dungeon Crawl Stone Soup version 0.15-a0-2352-g26abbdd (webtiles) character file.

273002 MRaven the Tortoise (level 20, -9/137 HPs)
             Began as a Gargoyle Berserker on July 27, 2014.
             Was a High Priest of Trog.
             Mangled by an acid blob (18 damage)
             ... on Level 1 of the Pits of Slime on July 31, 2014.
             The game lasted 05:31:39 (56482 turns).

MRaven the Tortoise (Gargoyle Berserker)           Turns: 56482, Time: 05:31:40

HP  -9/137       AC  0     Str 27      XL: 20   Next: 27%
MP   6/6         EV 26     Int 14      God: Trog [*****.]
Gold 769         SH  7     Dex 15      Spells:  0 memorised, 19 levels left

rFire  + + .     SeeInvis +     t - +9 eveningstar (antimagic)
rCold  . . .     Clarity  .     s - +2 leather armour of the Harvest Moon {Dex+4}
rNeg   + + .     rCorr    .     I - +1 buckler {rF+}
rPois  +         rRot     +     L - +2 helmet {Int+3}
rElec  +         Spirit   .     x - +1 cloak
SustAb .         Warding  .     p - +2 pair of gloves
rMut   +         Stasis   .     r - +2 pair of boots of the Crown {rN+ Int+2 SInv}
Gourm  .                        F - amulet of resist mutation
MR     +++..                    K - +5 ring of evasion
                                G - ring of the Good {rF+ AC+3}

@: corroded equipment, flying, very slightly contaminated, regenerating, hasted,
very quick, extremely resistant to hostile enchantments, very unstealthy
A: able to fly continuously, big wings, negative energy resistance 1,
electricity resistance, unbreathing, petrification resistance, no device heal 1,
rot immunity, AC +15
a: Stop Flying, Burn Spellbooks, Berserk, Trog's Hand, Brothers in Arms,
Renounce Religion
}: 2/15 runes: serpentine, barnacled


You were on level 1 of the Pits of Slime.
You worshipped Trog.
Trog was extremely pleased with you.
You were not hungry.

You visited 6 branches of the dungeon, and saw 38 of its levels.
You also visited: Sewer and Volcano.

You collected 3711 gold pieces.
You spent 2942 gold pieces at shops.

Inventory:

Hand weapons
 t - a +9 antimagic eveningstar (weapon)
 u - a +4 dire flail of protection
 Y - the +9 mace of Trial by Ordeal {crush, *Tele rPois rF+ rC++ Str+3}
   (You bought it in a shop on level 4 of the Orcish Mines)

   It inflicts extra damage upon your enemies.
   It affects your strength (+3).
   It protects you from fire.
   It greatly protects you from cold.
   It protects you from poison.
   It causes random teleportation.
Armour
 p - a +2 pair of gloves (worn)
 r - the +2 pair of boots of the Crown (worn) {rN+ Int+2 SInv}
   (You found it on level 12 of the Dungeon)

   It affects your intelligence (+2).
   It protects you from negative energy.
   It enhances your eyesight.
 s - the +2 leather armour of the Harvest Moon (worn) {Dex+4}
   (You found it on level 5 of the Lair of Beasts)

   It affects your dexterity (+4).
 x - a +1 cloak (worn)
 H - a +2 robe of magic resistance
 I - a +1 buckler of fire resistance (worn)
 L - a +2 helmet of intelligence (worn)
 U - a +2 plate armour of fire resistance
 X - a +3 leather armour of cold resistance
Magical devices
 k - a wand of fireball (4)
 n - a wand of draining (5)
 y - a wand of cold (5)
 z - a wand of heal wounds (2)
 R - a wand of fire (7)
Comestibles
 O - 6 meat rations
 Q - 5 bread rations
Scrolls
 a - a scroll of holy word
 b - 5 scrolls of enchant weapon
 i - 21 scrolls of remove curse
 l - 8 scrolls of identify
 o - 5 scrolls of teleportation
 v - 2 scrolls of brand weapon
 w - 7 scrolls of recharging
 A - 3 scrolls of fog
 J - 2 scrolls of magic mapping
 S - 5 scrolls of fear
 V - a scroll of vulnerability
 W - a scroll of summoning
 Z - 4 scrolls of enchant armour
Jewellery
 e - an uncursed ring of see invisible
 B - an uncursed amulet of stasis
 F - an amulet of resist mutation (around neck)
 G - the ring of the Good (left hand) {rF+ AC+3}
   (You found it on level 5 of the Dungeon)

   [ring of protection]

   It affects your AC (+3).
   It protects you from fire.
 K - a +5 ring of evasion (right hand)
 M - an uncursed ring of invisibility
 N - an uncursed amulet of resist corrosion
 P - an uncursed ring of sustain abilities
Potions
 c - 7 potions of resistance
 d - 12 potions of curing
 f - 5 potions of might
 g - 2 potions of invisibility
 h - 4 potions of cancellation
 j - 5 potions of brilliance
 m - 6 potions of restore abilities
 C - 4 potions of haste
 D - 2 potions of magic
 E - a potion of beneficial mutation {unknown}


   Skills:
 * Level 18.8 Fighting
 - Level 17.0 Maces & Flails
 * Level 18.9 Armour
 + Level 14.8 Dodging
 * Level 7.5 Shields


You had 19 spell levels left.
You didn't know any spells.

Dungeon Overview and Level Annotations

Branches:
Dungeon (15/15)            Temple (0/1) D:7             Orc (4/4) D:12
    Elf (0/3) Orc:4          Lair (8/8) D:9          Shoals (5/5) Lair:4
  Snake (5/5) Lair:6        Slime (1/6) Lair:6       Vaults (0/5) D:13
 Depths (0/5) D:15

Altars:
Cheibriados
Elyvilon
Makhleb
Nemelex Xobeh
Sif Muna
Trog
Xom
The Shining One

Shops:
D:4 !   D:12 %   Orc:1 [   Orc:3 %   Orc:4 =*[(%!}([   Shoals:3 [   Snake:1 }
Snake:2 ?   Snake:3 ?   Snake:5 (

Portals:
Trove: D:12 (give 17 potions of curing)


Innate Abilities, Weirdness & Mutations

You are resistant to torment.
You are immune to poison.
You can fly continuously.
Your stone body is very resilient (AC +15).
Your wings are large and strong.
You resist negative energy.
You are resistant to electric shocks.
You can survive without breathing.
You are immune to petrification.
You are immune to rotting.
Potions and wands are less effective at restoring your health.


Message History

Read which item? (? for menu, Esc to quit)
Okay, then.
Drink which item? (? for menu, Esc to quit)
You feel yourself speed up. The wall burns you!
* * * LOW HITPOINT WARNING * * *
The acid blob spits acid at you. The splash of acid hits you!
The acid corrodes your equipment!
The acid burns!
* * * LOW HITPOINT WARNING * * *
x2 The golden eye blinks at you.
You resist.
You are very lightly contaminated with residual magic.
Drink which item? (? for menu, Esc to quit)
You feel better. The wall burns you!
* * * LOW HITPOINT WARNING * * *
Use which ability? (? or * to list)
Your skin crawls.
You feel resistant to hostile enchantments.
You feel slightly more hungry. The wall burns you!
* * * LOW HITPOINT WARNING * * *
The acid blob hits you!!
You die...

##.. ...# #... ##..##
##...###....#
##..........##
#............#
#.#.........#####..
##......#....#.#...
#.......J...........
#....#.@G.......G...
#........#...........
...#..................
...#.................
..J.#................
.........<.........
..................
.................
................


You could see an acid blob, a jelly and a golden eye.

Vanquished Creatures
  The ghost of Liquorice the Centaur Arbalest, a great CeHu of Okawaru (Shoals:5)
  Asterion (Shoals:2)
  The ghost of ghwc the Eclecticist, a mighty SpVM of Vehumet (Shoals:4)
  4 krakens
  Polyphemus (Shoals:2)
  Frances (Snake:1)
  Roxanne (Snake:1)
  Ilsuiw (Shoals:5)
  14 greater nagas
  A fire giant (D:15)
  An orc warlord (Orc:4)
  Gastronok (D:8)
  Snorg (Lair:4)
  5 merfolk javelineers
  3 merfolk impalers (Shoals:5)
  22 naga warriors
  2 hydras
  16 anacondas
  8 sirens
  4 alligator snapping turtles
  3 centaur warriors
  5 merfolk aquamancers
  2 death yaks (Shoals:2)
  21 naga sharpshooters
  8 shock serpents
  A salamander mystic (Snake:2)
  3 orc high priests (Orc:4)
  11 spriggans (Lair:8)
  A catoblepas (Shoals:2)
  A fire crab (Shoals:1)
  10 sea snakes
  2 unseen horrors
  16 harpies
  7 hill giants
  10 naga ritualists
  Pikel (D:4)
  19 mana vipers
  22 manticores
  7 cyclopes
  5 orc sorcerers
  An oklob plant (Lair:6)
  A necromancer (D:13)
  4 orc knights
  8 water nymphs
  8 salamanders
  15 griffons
  10 fauns
  Maurice (D:10)
  7 mermaids
  A drowned soul (Shoals:1)
  39 black mambas
  A molten gargoyle (Lair:1)
  A feature mimic (D:12)
  A gargoyle (D:15)
  An item mimic (D:12)
  18 spiny frogs
  7 guardian serpents
  A kobold demonologist (D:13)
  31 naga magi
  A yaktaur (Volcano)
  6 komodo dragons
  A freezing wraith (D:15)
  2 spriggan druids (Lair:8)
  Grinder (D:6)
  3 fire drakes
  A hydra zombie (D:11)
  43 merfolk
  9 polar bears (Lair:8)
  A fire vortex (Lair:1)
  2 two-headed ogres
  6 snapping turtles
  Prince Ribbit (D:8)
  8 trolls
  23 blink frogs
  2 trapdoor spiders
  3 slime creatures (D:13)
  2 basilisks
  3 wyverns
  7 redbacks (Lair:8)
  2 vampires
  17 water elementals
  A wraith (D:12)
  A deep elf mage (D:10)
  28 ugly things
  18 fire bats
  4 golden eyes (Slime:1)
  30 wolves
  57 yaks
  5 vampire mosquitoes (D:15)
  10 hippogriffs
  4 hungry ghosts
  84 nagas
  A human (D:7)
  Edmund (D:4)
  4 wargs
  2 mottled dragons
  31 water moccasins
  8 porcupines
  7 black bears
  A tengu skeleton (D:13)
  5 yellow wasps
  3 ice beasts
  2 sky beasts
  A black bear (shapeshifter) (D:15)
  3 slaves
  2 necrophages
  14 crocodiles
  6 phantoms
  7 ogres
  36 orc warriors
  10 centaurs
  The ghost of Crauler the Shield-Bearer, an average HaFi (D:3)
  A boring beetle (Lair:8)
  Sigmund (D:6)
  Duvessa (D:6)
  3 big kobolds
  Blork the orc (D:6)
  24 giant frogs
  3 scorpions
  A wyvern skeleton (D:9)
  An eye of draining (D:15)
  14 killer bees
  9 wights
  3 electric eels
  3 vampire bats (Lair:3)
  5 lava snakes
  Dowan (D:6)
  6 crimson imps
  A centaur zombie (D:9)
  2 goliath beetles
  11 hounds
  A giant frog skeleton (D:8)
  6 jellies
  A two-headed ogre zombie (D:9)
  Crazy Yiuf (D:2)
  A basilisk skeleton (D:12)
  31 orc priests
  A quasit (D:6)
  An elf skeleton (D:9)
  Natasha (thrice) (D:4)
  9 iguanas
  31 orc wizards
  12 worker ants
  5 orange rats (Lair:6)
  31 sheep
  Ijyb (D:2)
  An ogre skeleton (D:4)
  2 mummies (D:9)
  24 adders
  82 green rats
  3 orc skeletons
  A shadow imp (D:13)
  12 giant mites
  5 gnolls
  2 worms
  An inept item mimic (D:8)
  An adder zombie (D:5)
  17 giant geckos
  12 oozes
  174 orcs
  A bat zombie (D:6)
  10 giant cockroaches
  30 goblins
  16 hobgoblins
  12 quokkas
  11 ball pythons
  18 bats
  A giant gecko zombie (D:5)
  10 giant newts
  2 giant spores (D:6)
  17 jackals
  33 kobolds
  3 orc zombies (Orc:4)
  A quokka skeleton (D:7)
  7 rats
  A rat skeleton (D:4)
  8 ballistomycetes (D:6)
  2 fungi
  14 tentacles
1691 creatures vanquished.

Vanquished Creatures (collateral kills)
  Vashnia (Snake:4)
  Wiglaf (Snake:4)
  Maud (Lair:4)
  2 greater nagas (Snake:5)
  3 merfolk javelineers (Shoals:5)
  Fannar (Lair:8)
  8 naga warriors (Snake:5)
  A death yak (Lair:8)
  2 naga sharpshooters
  A shock serpent (Snake:4)
  3 oklob plants (Lair:6)
  A salamander (Snake:5)
  A torpor snail (Lair:8)
  A naga mage (Snake:5)
  2 merfolk (Shoals:5)
  A raven (Lair:8)
  A hippogriff (Lair:8)
  7 nagas (Snake:5)
  A water moccasin (Lair:8)
  2 crocodiles (Lair:6)
  An adder (Lair:8)
42 creatures vanquished.

Vanquished Creatures (others)
  A naga ritualist (Snake:5)
  A wizard (D:13)
  A salamander (Snake:5)
  14 drowned souls
  A naga mage (Snake:4)
  A troll (Snake:4)
  A water elemental (Shoals:2)
  A naga (Snake:5)
  A giant frog (D:15)
  An orc (D:9)
  A quokka (D:15)
  A giant spore (D:8)
  5 fungi
  2 plants
  31 tentacles
  819 tentacle segments
882 creatures vanquished.

Grand Total: 2615 creatures vanquished

Notes
Turn   | Place    | Note
--------------------------------------------------------------
     0 | D:1      | MRaven, the Gargoyle Berserker, began the quest for the Orb.
     0 | D:1      | Reached XP level 1. HP: 14/14 MP: 1/1
    62 | D:2      | Reached XP level 2. HP: 12/19 MP: 2/2
   313 | D:2      | Found a sparkling altar of Nemelex Xobeh.
   508 | D:2      | Acquired Trog's second power
   546 | D:2      | Reached skill level 4 in Maces & Flails
   625 | D:2      | Found a sparkling altar of Nemelex Xobeh.
   742 | D:1      | Reached XP level 3. HP: 23/23 MP: 3/3
  1783 | D:2      | Noticed Crazy Yiuf
  1791 | D:2      | Killed Crazy Yiuf
  1791 | D:2      | Reached skill level 5 in Maces & Flails
  1791 | D:2      | Reached XP level 4. HP: 28/28 MP: 4/4
  2451 | D:2      | Noticed Ijyb
  2460 | D:2      | Killed Ijyb
  2460 | D:2      | Reached XP level 5. HP: 32/32 MP: 5/5
  2741 | D:3      | Noticed Crauler's ghost (average HaFi)
  2754 | D:3      | Killed Crauler's ghost
  2964 | D:3      | Reached XP level 6. HP: 38/38 MP: 6/6
  3249 | D:3      | Found a bloodstained altar of Trog.
  3301 | D:3      | Found a white marble altar of Elyvilon.
  3449 | D:4      | Found Ogoexzim's Distillery.
  3449 | D:4      | Noticed Pikel
  3450 | D:4      | Noticed Edmund
  3475 | D:4      | Noticed Natasha
  3481 | D:4      | Killed Natasha
  3481 | D:4      | Reached skill level 6 in Maces & Flails
  3558 | D:4      | Killed Edmund
  3560 | D:4      | Reached skill level 5 in Fighting
  3676 | D:4      | Noticed Natasha
  3677 | D:4      | Bought a potion of haste for 84 gold pieces
  3677 | D:4      | Bought a potion of degeneration for 24 gold pieces
  3677 | D:4      | Bought a potion of curing for 24 gold pieces
  3681 | D:4      | Killed Natasha
  3798 | D:4      | Noticed Natasha
  3805 | D:4      | Killed Natasha
  3805 | D:4      | Acquired Trog's third power
  3805 | D:4      | Reached XP level 7. HP: 28/44 MP: 7/7
  4783 | D:4      | Bought a potion of heal wounds for 36 gold pieces
  4838 | D:4      | Killed Pikel
  4838 | D:4      | Reached XP level 8. HP: 52/52 MP: 8/8
  4922 | D:4      | Reached skill level 7 in Maces & Flails
  4930 | D:5      | Entered Level 5 of the Dungeon
  5010 | D:5      | Got a transparent brass ring
  5092 | D:5      | Found a glowing drain.
  5097 | Sewer    | Entered a sewer
  6000 | D:5      | Received a gift from Trog
  6248 | D:4      | Bought a potion of might for 30 gold pieces
  6248 | D:4      | Bought a potion of haste for 84 gold pieces
  6358 | D:6      | Noticed Grinder
  6363 | D:6      | Killed Grinder
  6363 | D:6      | Reached skill level 5 in Dodging
  6363 | D:6      | Reached XP level 9. HP: 56/56 MP: 9/9
  6469 | D:6      | Identified the ring of the Good {rF+ AC+3} (You found it on level 5 of the Dungeon)
  6512 | D:4      | Bought a potion of poison for 12 gold pieces
  6771 | D:6      | Noticed Blork the orc
  6772 | D:6      | Noticed Duvessa
  6773 | D:6      | Noticed Dowan
  6783 | D:6      | Killed Blork the orc
  6783 | D:6      | Reached skill level 8 in Maces & Flails
  6937 | D:6      | Noticed Sigmund
  6947 | D:6      | Killed Sigmund
  6947 | D:6      | Reached skill level 5 in Armour
  7048 | D:6      | Killed Duvessa
  7051 | D:6      | Killed Dowan
  7507 | D:7      | Found a glowing golden altar of the Shining One.
  7508 | D:7      | Found a shimmering altar of Xom.
  7901 | D:7      | Reached XP level 10. HP: 60/63 MP: 10/10
  7915 | D:7      | Found a staircase to the Ecumenical Temple.
  7918 | D:7      | Noticed a hill giant
  7930 | D:7      | Killed a hill giant
  7930 | D:7      | Reached skill level 9 in Maces & Flails
  9040 | D:7      | Received a gift from Trog
  9519 | D:8      | Received a gift from Trog
  9646 | D:8      | Found a burning altar of Makhleb.
  9653 | D:8      | Noticed Gastronok
  9687 | D:8      | Killed Gastronok
  9687 | D:8      | Reached skill level 10 in Maces & Flails
  9882 | D:8      | Noticed Prince Ribbit
  9890 | D:8      | Killed Prince Ribbit
 10323 | D:8      | Reached XP level 11. HP: 64/69 MP: 11/11
 10508 | D:9      | Found a staircase to the Lair.
 10969 | D:9      | Found a deep blue altar of Sif Muna.
 11316 | Lair:1   | Entered Level 1 of the Lair of Beasts
 12091 | Lair:1   | Reached skill level 11 in Maces & Flails
 12904 | Lair:1   | Received a gift from Trog
 13939 | Lair:2   | Reached XP level 12. HP: 72/77 MP: 4/12
 14321 | Lair:3   | Reached skill level 12 in Maces & Flails
 14704 | Lair:3   | Reached skill level 10 in Fighting
 14753 | Lair:3   | Received a gift from Trog
 15509 | Lair:4   | Noticed Maud
 15516 | Lair:4   | Killed Maud
 16057 | Lair:4   | Found a staircase to the Shoals.
 16133 | Lair:4   | Received a gift from Trog
 16469 | Lair:4   | Noticed Snorg
 16476 | Lair:4   | Killed Snorg
 16476 | Lair:4   | Reached skill level 13 in Maces & Flails
 16933 | Lair:5   | Reached XP level 13. HP: 51/83 MP: 4/13
 17148 | Lair:5   | Got a transparent leather armour
 17160 | Lair:5   | Identified the +2 leather armour of the Harvest Moon {Dex+4} (You found it on level 5 of the Lair of Beasts)
 17191 | Lair:5   | Reached skill level 10 in Armour
 17681 | Lair:5   | Received a gift from Trog
 18193 | Lair:6   | Found a staircase to the Slime Pits.
 18460 | Lair:6   | Found a staircase to the Snake Pit.
 18985 | Lair:6   | Reached skill level 10 in Dodging
 19271 | Lair:6   | Reached skill level 14 in Maces & Flails
 19475 | Lair:7   | Received a gift from Trog
 19972 | Lair:7   | Found a snail-covered altar of Cheibriados.
 20955 | Lair:8   | Entered Level 8 of the Lair of Beasts
 21079 | Lair:8   | Upgraded the game from 0.15-a0-2265-gb33f7a6 to 0.15-a0-2352-g26abbdd
 21167 | Lair:8   | Found a dark tunnel.
 21172 | Volcano  | Entered a volcano
 21196 | Volcano  | Gained mutation: Your wings are large and strong. [gargoyle growth]
 21196 | Volcano  | Reached XP level 14. HP: 91/91 MP: 4/14
 21199 | Volcano  | Received a gift from Trog
 21371 | Volcano  | Found a radiant altar of Vehumet.
 21463 | Volcano  | Found a burning altar of Makhleb.
 21788 | Lair:8   | Identified a scroll of acquirement
 21806 | Lair:8   | Noticed Fannar
 21815 | Lair:8   | Killed Fannar
 21885 | Lair:8   | Got a wavering glass ring
 21887 | Lair:8   | Identified the ring of the Nine Spirits {Contam Str+2 Int+3 Stlth+} (You found it on level 8 of the Lair of Beasts)
 21896 | Lair:8   | Gained mutation: Potions and wands are less effective at restoring your health. [mutagenic glow]
 22851 | Lair:8   | Reached skill level 15 in Maces & Flails
 23382 | Lair:8   | Received a gift from Trog
 23987 | Snake:1  | Entered Level 1 of the Snake Pit
 24003 | Snake:1  | Found Eneud's Gadget Boutique.
 24555 | Snake:1  | Noticed Frances
 24570 | Snake:1  | Killed Frances
 24675 | Snake:1  | Received a gift from Trog
 24857 | Snake:1  | Noticed Roxanne
 24876 | Snake:1  | Killed Roxanne
 24876 | Snake:1  | Reached XP level 15. HP: 95/98 MP: 5/15
 25696 | Snake:2  | Found Gufacsai's Magic Scroll Boutique.
 25770 | Snake:2  | Bought a scroll of identify for 24 gold pieces
 25770 | Snake:2  | Bought 3 scrolls of fog for 72 gold pieces
 25770 | Snake:2  | Bought a scroll of random uselessness for 12 gold pieces
 25770 | Snake:2  | Bought 3 scrolls of remove curse for 108 gold pieces
 25770 | Snake:2  | Bought a scroll of remove curse for 36 gold pieces
 25770 | Snake:2  | Bought a scroll of identify for 24 gold pieces
 25770 | Snake:2  | Bought a scroll of summoning for 114 gold pieces
 25770 | Snake:2  | Bought a scroll of teleportation for 36 gold pieces
 25770 | Snake:2  | Bought a scroll of identify for 24 gold pieces
 25770 | Snake:2  | Bought a scroll of enchant weapon for 90 gold pieces
 26005 | Snake:2  | Reached skill level 16 in Maces & Flails
 27066 | Snake:3  | Received a gift from Trog
 28385 | Snake:3  | Found Luzouvuod's Magic Scroll Boutique.
 28406 | Snake:3  | Bought a scroll of magic mapping for 59 gold pieces
 28406 | Snake:3  | Bought a scroll of remove curse for 51 gold pieces
 28406 | Snake:3  | Bought a scroll of remove curse for 51 gold pieces
 28406 | Snake:3  | Bought a scroll of fog for 34 gold pieces
 28406 | Snake:3  | Bought a scroll of identify for 34 gold pieces
 28406 | Snake:3  | Bought a scroll of enchant armour for 127 gold pieces
 28406 | Snake:3  | Bought a scroll of identify for 34 gold pieces
 28406 | Snake:3  | Bought a scroll of remove curse for 51 gold pieces
 28406 | Snake:3  | Bought a scroll of recharging for 161 gold pieces
 28406 | Snake:3  | Bought a scroll of teleportation for 51 gold pieces
 28521 | Snake:4  | Noticed Wiglaf
 28534 | Snake:4  | Killed Wiglaf
 29025 | Snake:4  | Noticed Vashnia
 29036 | Snake:4  | Killed Vashnia
 29051 | Snake:4  | Reached XP level 16. HP: 31/105 MP: 5/16
 29440 | Snake:4  | Reached skill level 17 in Maces & Flails
 29943 | Snake:4  | Received a gift from Trog
 31062 | Snake:4  | Noticed a greater naga
 31080 | Snake:4  | Killed a greater naga
 31608 | Snake:5  | Entered Level 5 of the Snake Pit
 31904 | Snake:5  | Received a gift from Trog
 32514 | Snake:5  | Found Cairphidi's Antique Weapon Shoppe.
 33410 | Snake:5  | Received a gift from Trog
 34319 | Snake:5  | Reached XP level 17. HP: 86/112 MP: 5/17
 34862 | Snake:5  | Reached skill level 15 in Armour
 35054 | Snake:5  | Reached skill level 15 in Fighting
 35344 | Snake:5  | Received a gift from Trog
 36643 | Snake:5  | Got a serpentine rune of Zot
 36811 | Snake:5  | Received a gift from Trog
 37376 | Snake:5  | Reached XP level 18. HP: 89/120 MP: 6/18
 37478 | Snake:5  | Got a pair of smoking gloves
 37490 | Snake:5  | Identified the -6 pair of gloves of Modesty {Str+1} (You found it on level 5 of the Snake Pit)
 38079 | D:10     | Entered Level 10 of the Dungeon
 38087 | D:10     | Noticed Maurice
 38101 | D:10     | Killed Maurice
 38115 | D:10     | Received a gift from Trog
 39758 | D:12     | Found a flagged portal.
 39764 | D:12     | the flagged portal was a mimic.
 39807 | D:12     | Found a portal to a secret trove of treasure.
 39820 | D:12     | Got a pair of faintly glowing boots
 39827 | D:12     | Identified the +2 pair of boots of the Crown {rN+ Int+2 SInv} (You found it on level 12 of the Dungeon)
 39850 | D:12     | Received a gift from Trog
 40110 | D:12     | Found a staircase to the Orcish Mines.
 40506 | D:12     | Found Lupt's Food Boutique.
 40509 | D:12     | Bought a bread ration for 55 gold pieces
 40509 | D:12     | Bought a bread ration for 55 gold pieces
 40509 | D:12     | Bought a bread ration for 55 gold pieces
 40509 | D:12     | Bought a bread ration for 55 gold pieces
 40556 | Orc:1    | Entered Level 1 of the Orcish Mines
 40907 | Orc:1    | Received a gift from Trog
 41676 | Orc:1    | Found Sufrun's Armour Shop.
 41903 | Orc:3    | Found Mitz's Food Shoppe.
 41934 | Orc:3    | Received a gift from Trog
 42322 | Orc:4    | Entered Level 4 of the Orcish Mines
 42338 | Orc:4    | Found Satur's Food Boutique.
 42375 | Orc:4    | Found Klingiaf's Distillery.
 42387 | Orc:4    | Found Unlucvai's Gadget Shoppe.
 42393 | Orc:4    | Bought 2 potions of might for 80 gold pieces
 42393 | Orc:4    | Bought a potion of curing for 32 gold pieces
 42393 | Orc:4    | Bought a potion of porridge for 16 gold pieces
 42393 | Orc:4    | Bought a potion of invisibility for 88 gold pieces
 42393 | Orc:4    | Bought a potion of curing for 32 gold pieces
 42393 | Orc:4    | Bought a potion of might for 40 gold pieces
 42556 | Orc:4    | Found Klokkept's Antique Weapon Boutique.
 42578 | Orc:4    | Found a staircase to the Elven Halls.
 42790 | Orc:4    | Received a gift from Trog
 42907 | Orc:4    | Found Skoxe's Antique Armour Shop.
 42915 | Orc:4    | Bought a runed helmet for 135 gold pieces
 43549 | Orc:4    | Received a gift from Trog
 44070 | Orc:4    | Found Schacs' Antique Armour Shop.
 44071 | Orc:4    | Found Wintog's Antique Weapon Boutique.
 44072 | Orc:4    | Found Qepupp's General Store.
 44072 | Orc:4    | Found Evuzat's Jewellery Shop.
 44076 | Orc:4    | Bought a scroll of identify for 24 gold pieces
 44076 | Orc:4    | Bought a potion of haste for 84 gold pieces
 44076 | Orc:4    | Bought a potion of heal wounds for 36 gold pieces
 44088 | Orc:4    | Bought a pitted mace for 200 gold pieces
 44089 | Orc:4    | Identified the +9 mace of Trial by Ordeal {crush, *Tele rPois rF+ rC++ Str+3} (You bought it in a shop on level 4 of the Orcish Mines)
 44091 | Orc:4    | Bought a warped ring mail for 234 gold pieces
 44091 | Orc:4    | Bought a pitted scale mail for 234 gold pieces
 44103 | Orc:4    | Identified the cursed -4 ring mail of Cebulu {rElec rN+ Str+1 Dex-1 Slay+4} (You bought it in a shop on level 4 of the Orcish Mines)
 44123 | Orc:4    | Identified the cursed -5 scale mail of Beacwedo {rF++ rC+} (You bought it in a shop on level 4 of the Orcish Mines)
 44494 | D:13     | Received a gift from Trog
 44854 | D:13     | Found a gate to the Vaults.
 45432 | D:13     | Found a bloodstained altar of Trog.
 46214 | D:15     | Entered Level 15 of the Dungeon
 46248 | D:15     | Received a gift from Trog
 46307 | D:15     | Found a staircase to the Depths.
 47009 | D:15     | Received a gift from Trog
 47086 | D:15     | Found a white marble altar of Elyvilon.
 47626 | Shoals:1 | Entered Level 1 of the Shoals
 48283 | Shoals:1 | Reached XP level 19. HP: 73/128 MP: 6/18
 49120 | Shoals:1 | Received a gift from Trog
 50330 | Shoals:2 | Noticed Asterion
 50332 | Shoals:2 | Reached skill level 1 in Shields
 50354 | Shoals:2 | Killed Asterion
 50839 | Shoals:2 | Noticed Polyphemus
 51118 | Shoals:1 | Reached skill level 18 in Fighting
 51239 | Shoals:2 | Killed Polyphemus
 51968 | Shoals:3 | Found Evagguav's Armour Shop.
 52216 | Shoals:3 | Received a gift from Trog
 52925 | Shoals:4 | Noticed ghwc's ghost (mighty SpVM)
 52966 | Shoals:4 | Killed ghwc's ghost
 53462 | Shoals:4 | Reached skill level 5 in Shields
 53890 | Shoals:4 | Received a gift from Trog
 54033 | Shoals:5 | Entered Level 5 of the Shoals
 54779 | Shoals:5 | Noticed Ilsuiw
 54793 | Shoals:5 | Killed Ilsuiw
 54895 | Shoals:5 | Noticed Liquorice's ghost (great CeHu)
 54920 | Shoals:5 | Killed Liquorice's ghost
 54920 | Shoals:5 | Reached XP level 20. HP: 86/137 MP: 6/19
 55304 | Shoals:5 | Got a barnacled rune of Zot
 56454 | Slime:1  | Entered Level 1 of the Pits of Slime
 56480 | Slime:1  | HP: 6/137 [acid blob/splash of acid (13)]
 56482 | Slime:1  | Mangled by an acid blob

Action                   |  1- 3 |  4- 6 |  7- 9 | 10-12 | 13-15 | 16-18 | 19-21 || total
-------------------------+-------+-------+-------+-------+-------+-------+-------++-------
Melee: Mace              |   109 |   171 |   579 |   787 |       |       |       ||  1646
       Flail             |       |    18 |    36 |       |       |       |       ||    54
       Dire flail        |       |       |       |   385 |  1487 |  1197 |       ||  3069
       Eveningstar       |       |       |       |       |       |   961 |  1033 ||  1994
Throw: Javelin           |       |       |       |       |       |     4 |       ||     4
Invok: Berserk           |     3 |     3 |    10 |    14 |     2 |     1 |     4 ||    37
       Burn Spellbooks   |       |       |     1 |     2 |     4 |       |     1 ||     8
       Brothers in Arms  |       |       |       |     2 |     5 |     4 |     1 ||    12
       Trog's Hand       |       |       |       |       |       |     9 |    13 ||    22
 Abil: Fly               |       |       |       |       |     1 |       |       ||     1
Evoke: Wand              |       |     1 |     8 |     6 |     4 |    12 |     1 ||    32
  Use: Scroll            |     2 |     4 |     5 |    15 |    13 |    22 |    13 ||    74
       Potion            |       |       |       |     7 |     3 |    11 |    14 ||    35
 Stab: Sleeping          |       |       |       |     1 |       |     1 |       ||     2
       Distracted        |       |       |       |       |     3 |       |       ||     3
       Petrifying        |       |       |       |       |       |       |     1 ||     1
       Petrified         |       |       |       |       |       |       |     1 ||     1
  Eat: Chunk             |     2 |     9 |    14 |    36 |    17 |     4 |     1 ||    83
       Bread ration      |     1 |       |     1 |       |     2 |     8 |     4 ||    16
       Beef jerky        |       |       |     2 |     4 |     1 |     5 |     1 ||    13
       Royal jelly       |       |       |     1 |       |       |       |       ||     1
       Fruit             |       |       |       |     2 |     5 |     3 |       ||    10
       Meat ration       |       |       |       |     1 |     1 |     2 |       ||     4
       Pizza             |       |       |       |       |     2 |     5 |     6 ||    13
